 Dungeon Crawl Stone Soup version 0.18-a0-1570-gf60b0ab (webtiles) character file.

448 Ijustatesigmund the Insei (level 7, -2/48 HPs)
             Began as an Octopode Transmuter on Mar 14, 2016.
             Was an Initiate of Cheibriados.
             Slain by a centaur (7 damage)
             ... on level 5 of the Dungeon.
             The game lasted 00:08:21 (4171 turns).

Ijustatesigmund the Insei (Octopode Transmuter)     Turns: 4171, Time: 00:08:21

Health: -2/48      AC:  2    Str: 11    XL:     7   Next: 3%
Magic:  7/10       EV: 20    Int: 18    God:    Cheibriados [......]
Gold:   237        SH:  0    Dex: 18    Spells: 3 memorised, 4 levels left

rFire  . . .     SeeInvis .       - Unarmed
rCold  . . .     Gourm    .     (shield currently unavailable)
rNeg   . . .     Faith    .     (helmet currently unavailable)
rPois  x         Spirit   .     (no amulet)
rElec  .         Dismiss  .     (no ring)
rCorr  .         Reflect  .     (no ring)
SustAt .         Harm     .     (no ring)
MR     .....                    (no ring)
Stlth  ++........               (no ring)
                                (no ring)
                                (no ring)
                                (no ring)

@: spider-form (expiring), very slow, not resistant to hostile enchantments,
unstealthy
A: almost no armour, (amphibious), 8 rings, (constrict 8), (camouflage 0),
(gelatinous body 0)
a: End Transformation, Bend Time, Renounce Religion


You were on level 5 of the Dungeon.
You worshipped Cheibriados.
Cheibriados was noncommittal.
You were not hungry.
You were a venomous arachnid creature.
You visited 1 branch of the dungeon, and saw 5 of its levels.

You collected 237 gold pieces.

Inventory:

Missiles
 a - 42 arrows
Wands
 e - a wand of slowing (23/48)
Scrolls
 d - 2 scrolls of remove curse
 l - a scroll of recharging
Potions
 g - a potion of curing
 h - 2 potions of lignification
 i - 2 potions of agility
Books
 b - a book of Changes

   Spells                             Type                      Level
   a - Beastly Appendage              Transmutation                1
   b - Sticks to Snakes               Transmutation                2
   c - Spider Form                    Transmutation/Poison         3
   d - Ice Form                       Ice/Transmutation            4
   e - Blade Hands                    Transmutation                5
Comestibles
 c - 4 bread rations
 f - 4 fruits
 j - a meat ration


   Skills:
 + Level 4.2 Fighting
 - Level 2.0 Dodging
 + Level 4.9 Unarmed Combat
 - Level 2.0 Spellcasting
 + Level 3.4 Transmutations
 - Level 2.1 Poison Magic
 + Level 1.8 Invocations


You had 4 spell levels left.
You knew the following spells:

 Your Spells              Type           Power        Failure   Level  Hunger
a - Beastly Appendage     Trmt           ##....       17%         1    #......
b - Sticks to Snakes      Trmt           ##......     24%         2    ###....
c - Spider Form           Trmt/Pois      ##........   41%         3    ###....


Dungeon Overview and Level Annotations

Branches:
Dungeon (5/15)
 Temple: D:4-7

Altars:
Cheibriados
Fedhas
Nemelex Xobeh
Sif Muna

Annotations:
D:4 Dowan, Duvessa, Grinder


Innate Abilities, Weirdness & Mutations

You cannot wear most types of armour.
((You are amphibious.))
You can wear up to eight rings at the same time.
((You can use your tentacles to constrict eight enemies at once.))
((Your skin changes colour to match your surroundings (Stealth).))
((Your rubbery body absorbs attacks (AC +1).))


Message History

You see here an arrow.
You are too injured to fight recklessly!
You are too injured to fight recklessly!
You are too injured to fight recklessly!
You are too injured to fight recklessly!
You are too injured to fight recklessly!
Unknown command.
You are too injured to fight recklessly!
You are too injured to fight recklessly!
You are too injured to fight recklessly!
The centaur shoots an arrow.
The arrow closely misses you.
The centaur shoots an arrow.
The arrow hits you!
* * * LOW HITPOINT WARNING * * *
You see here an arrow.
The centaur unwields an uncursed shortbow.
The centaur misses you. x2
You bite the centaur!
The centaur is poisoned.
The centaur is heavily wounded.
The centaur hits you!
You die...

#.### ##.#
#..........# ##..#
#..........# #..##
#..........### ##.##
#............ #..#
#..........# .##.##
#.$.......## ....###
#......c...# ##....#
#.....s.>..#.# ##.#.##
##.....(......#
#.#..###..(...(....###
#.##......%........#
#.##...#.#..).....##
#.###....##.(....##
..# #......(..#### .#
#...##...##
....#.###.(#


You could see a centaur.

Vanquished Creatures
  A centaur (D:5)
  2 hounds
  An orc priest (D:3)
  An orc wizard (D:3)
  A centaur skeleton (D:4)
  A worker ant (D:5)
  A hound skeleton (D:4)
  4 gnolls
  7 adders
  An ooze (D:1)
  A worm (D:3)
  A giant gecko (D:3)
  6 orcs
  3 bats (D:1)
  2 giant cockroaches
  7 hobgoblins
  3 jackals (D:3)
  A quokka (D:4)
  A ball python (D:1)
  A giant gecko skeleton (D:4)
  7 giant newts
  8 goblins
  12 kobolds
  A quokka skeleton (D:3)
  10 rats
84 creatures vanquished.

Vanquished Creatures (collateral kills)
  An adder (D:3)
1 creature vanquished.

Grand Total: 85 creatures vanquished

Notes
Turn   | Place    | Note
--------------------------------------------------------------
     0 | D:1      | Ijustatesigmund the Octopode Transmuter began the quest for the Orb.
     0 | D:1      | Reached XP level 1. HP: 13/13 MP: 3/3
   215 | D:1      | Reached XP level 2. HP: 13/18 MP: 5/5
   219 | D:1      | Learned a level 2 spell: Sticks to Snakes
   620 | D:1      | Reached XP level 3. HP: 24/24 MP: 6/6
   625 | D:1      | Learned a level 3 spell: Spider Form
   996 | D:2      | Reached skill level 1 in Poison Magic
  1058 | D:2      | Reached XP level 4. HP: 20/30 MP: 5/7
  2348 | D:3      | Reached XP level 5. HP: 22/36 MP: 4/8
  3336 | D:4      | Found a snail-covered altar of Cheibriados.
  3339 | D:4      | Reached XP level 6. HP: 42/42 MP: 7/9
  3452 | D:4      | Became a worshipper of Cheibriados the Contemplative
  3474 | D:4      | Found a sparkling altar of Nemelex Xobeh.
  3983 | D:4      | Noticed Grinder
  4004 | D:4      | Noticed Dowan
  4009 | D:4      | Noticed Duvessa
  4039 | D:5      | Entered Level 5 of the Dungeon
  4046 | D:5      | Reached skill level 1 in Invocations
  4095 | D:5      | Found a blossoming altar of Fedhas.
  4120 | D:5      | Found a deep blue altar of Sif Muna.
  4157 | D:5      | Reached XP level 7. HP: 18/48 MP: 5/10
  4171 | D:5      | Slain by a centaur

Vault maps used:
D:1:      saegor_arrival_simple_d, minivault_27, hangedman_decor_push
D:3:      first_bread
D:4:      kennysheep_mini, nemelex_deck, kiku_gazebo_garden_becter,
          serial_shops, kennysheep_mini_moat, cheibriados_altar_wand_db,
          uniq_natasha, uniq_duvessa, uniq_grinder
D:5:      nicolae_overflow_hidden_temple, nicolae_ossuary_entry_ruins

Skill      XL: |  1  2  3  4  5  6 |
---------------+-------------------+-----
Fighting       | 2 3 4 |  4.2
Poison Magic   | 1 2 |  2.1
Unarmed Combat | 4 |  4.9
Transmutations | 3 |  3.4
Invocations    | 1 |  1.8
Dodging        | |  2.0
Spellcasting   | |  2.0

Action                   |  1- 3 |  4- 6 |  7- 9 || total
-------------------------+-------+-------+-------++-------
Melee: Unarmed           |    61 |   136 |     7 ||   204
 Cast: Beastly Appendage |     5 |    13 |       ||    18
       Sticks to Snakes  |       |     4 |       ||     4
       Spider Form       |       |     4 |       ||     4
  Use: Scroll            |     5 |     6 |       ||    11
       Potion            |       |     3 |       ||     3
 Stab: Sleeping          |     7 |     3 |       ||    10
       Distracted        |       |     2 |       ||     2
  Eat: Fruit             |       |     4 |       ||     4
       Chunk             |       |     9 |       ||     9
